 Dungeon Crawl Stone Soup version 0.24.0-1-gfbc8707 (webtiles) character file.

Game seed: 2095442275831673725, levelgen mode: deterministic

5957 shoop the Covert (level 10, -5/68 HPs)
             Began as a Vampire Enchanter on Oct 26, 2019.
             Was a Believer of Fedhas.
             Slain by a warg (14 damage)
             ... on level 11 of the Dungeon.
             The game lasted 00:38:16 (8624 turns).

shoop the Covert (Vampire Enchanter)                Turns: 8624, Time: 00:38:17

Health: -5/68      AC:  5    Str:  8    XL:     10   Next: 54%
Magic:  1/13       EV: 15    Int: 22    God:    Fedhas [**....]
Gold:   1273       SH:  4    Dex: 16    Spells: 4/13 levels left

rFire    . . .     SeeInvis +   c - +1 dagger (elec)
rCold    . . .     Gourm    .   s - +0 buckler
rNeg     . . .     Faith    .   L - +0 leather armour
rPois    +         Spirit   .   E - +0 helmet of Defence {-Tele +Fly rPois Int+3} (curse)
rElec    .         Reflect  .   (no cloak)
rCorr    .         Harm     .   F - +2 pair of gloves
MR       +....     NoTele   +   e - +0 pair of boots
Stlth    ++++......             D - amulet of rage
HPRegen  0.41/turn              T - -3 ring of protection (curse)
MPRegen  0.13/turn              S - ring of flight

@: very slightly contaminated, regenerating quickly
A: no food, fangs 3, see invisible, [frail 1], unbreathing
a: Exsanguinate, Wall of Briars, Renounce Religion, Evoke Berserk Rage, Evoke
Flight


You were on level 11 of the Dungeon.
You worshipped Fedhas.
Fedhas was pleased with you.
You were alive.

You visited 2 branches of the dungeon, and saw 12 of its levels.
You also visited: Bailey.

You collected 1273 gold pieces.

Inventory:

Hand Weapons
 a - a +1 dagger
 c - a +1 dagger of electrocution (weapon)
 v - a +0 long sword
 U - the +1 flail "Rikhlank" {crush, rElec rPois rN++ MP-9}
   (You found it in a bailey)

   It inflicts extra damage upon your enemies.
   It insulates you from electricity.
   It protects you from poison.
   It greatly protects you from negative energy.
   It affects your magic capacity (-9).
Missiles
 k - 6 boomerangs of dispersal (quivered)
Armour
 b - a +0 robe
 d - a +0 ring mail
 e - a +0 pair of boots (worn)
 s - a +0 buckler (worn)
 y - a +0 helmet
 E - the cursed +0 helmet of Defence (worn) {-Tele +Fly rPois Int+3}
   (You found it on level 5 of the Dungeon)

   It affects your intelligence (+3).
   It protects you from poison.
   It lets you fly.
   It prevents most forms of teleportation.
   It has a curse placed upon it.
 F - a +2 pair of gloves (worn)
 L - a +0 leather armour (worn)
Jewellery
 f - an uncursed amulet of regeneration
 u - an uncursed amulet of the acrobat
 A - a +1 ring of evasion
 D - an amulet of rage (around neck)
 S - a ring of flight (right hand)
 T - a cursed -3 ring of protection (left hand)
Wands
 r - a wand of disintegration (5)
 w - a wand of iceblast (13)
 G - a wand of polymorph (10)
 H - a wand of flame (13)
 I - a wand of paralysis (7)
 P - a wand of acid (11)
 Q - a wand of enslavement (3)
Scrolls
 i - 2 scrolls of enchant armour
 j - a scroll of fog {unknown}
 l - 3 scrolls of fear
 m - 3 scrolls of magic mapping
 n - 2 scrolls of noise
 q - 6 scrolls of teleportation
 x - a scroll of immolation
 z - 3 scrolls of enchant weapon {unknown}
 N - a scroll of amnesia {unknown}
 O - a scroll of blinking {unknown}
 R - 3 scrolls of vulnerability {unknown}
 X - a scroll of random uselessness {unknown}
Potions
 g - 3 potions of flight {unknown}
 h - 4 potions of might
 o - 3 potions of agility
 p - 7 potions of curing
 t - a potion of mutation
 B - a potion of heal wounds
 C - 2 potions of lignification {unknown}
 J - 2 potions of brilliance {unknown}
 M - a potion of haste
 W - 2 potions of invisibility {unknown}
 Y - a potion of ambrosia {unknown}
Miscellaneous
 V - a phial of floods
Comestibles
 K - 7 rations


   Skills:
 - Level 6.0 Fighting
 - Level 8.2 Short Blades
 - Level 2.2 Armour
 - Level 7.0 Dodging
 - Level 10.0 Stealth
 - Level 2.1 Shields
 - Level 2.0 Spellcasting
 - Level 6.0 Hexes
 - Level 2.0 Ice Magic
 + Level 3.5 Invocations
 + Level 5.2 Evocations


You had 4 spell levels left.
You knew the following spells:

 Your Spells              Type           Power        Failure   Level  Hunger
a - Ensorcelled Hibernat  Hex/Ice        ###...       7%          2    N/A
b - Corona                Hex            ####...      1%          1    N/A
c - Confuse               Hex            ####....     6%          3    N/A
d - Tukima's Dance        Hex            ####....     6%          3    N/A

Your spell library contained the following spells:

 Spells                   Type           Power        Failure   Level  Hunger
 Dazzling Spray           Conj/Hex       ###...       22%         3    N/A
 Animate Skeleton         Necr           N/A          24%         1    N/A
 Pain                     Necr           #...         24%         1    N/A
 Regeneration             Chrm/Necr      #.........   58%         3    N/A
 Vampiric Draining        Necr           #.........   58%         3    N/A
 Animate Dead             Necr           N/A          94%         4    N/A

Dungeon Overview and Level Annotations

Branches:
Dungeon (11/15)            Temple (1/1) D:6             Orc (0/2) D:11
 Bailey (visited)
   Lair: D:8-11

Altars:
Ashenzari
Cheibriados
Dithmenos
Elyvilon
Fedhas
Gozag
Hepliaklqana
Kikubaaqudgha
Makhleb
Nemelex Xobeh
Okawaru
Qazlal
Ru
Sif Muna
Trog
Uskayaw
Vehumet
Wu Jian
Xom
Yredelemnul
Zin
The Shining One

Annotations:
D:4 Dowan, Duvessa
D:5 3 runed translucent doors, AlmostDecent's ghost, novice DsFi; Twasazerg's ghost, amateur SpAs; Vomitron's ghost, novice GnWn
D:6 1 runed translucent door, Ypleulatog's ghost, novice OpVM
D:9 exclusion: wight
D:10 exclusion: howler monkey, Fannar
D:11 exclusions: cyclops and hydra


Innate Abilities, Weirdness & Mutations

You do not eat.
Your natural rate of healing is unusually fast.
You have razor-sharp teeth.
You have supernaturally acute eyesight. (SInv)
You can survive without breathing.
[You are frail. (-10% HP)]


Message History

Press: ? - help, Dir - move target cursor, p - warg A ballistomycete grows from the ground.
You can no longer grow a ballistomycete.
The warg bites you!
* * * LOW HITPOINT WARNING * * *
The warg barely misses you.
You see here a long sword.
You hit the warg. Lightning courses through the warg!!
The warg is severely wounded.
You closely miss the warg.
The warg is severely wounded.
You block the warg's attack.
Press: ? - help, v - describe, . - travel
Here: a ballistomycete (friendly, summoned)
The floor.
You closely miss the warg.
The warg is severely wounded.
The warg bites you!
You die...
Fedhas appreciates your contribution to the ecosystem.

#........# ##... ...o.......
#........###...#####........
#........##........#.####.#.#
#........###....###......?..#
########.####..## ##.########
#.......# #.# ######P.## ##.#
#h#.###.## #@##...## #.######
#(# #.# #.# #.# #.# .#.


You could see a warg and a friendly ballistomycete.

Vanquished Creatures
  Joseph (D:7)
  A hornet (D:8)
  A hippogriff (D:8)
  6 yaks (D:10)
  Edmund (D:5)
  3 ice beasts
  A phantom (D:6)
  3 sky beasts
  11 orc warriors
  2 hornet zombies
  2 ogres
  A centaur (D:9)
  2 big kobolds (D:9)
  2 bullfrogs
  A scorpion (D:7)
  A wyvern skeleton (D:8)
  A howler monkey (D:5)
  5 crimson imps
  A bullfrog zombie (D:7)
  2 hounds
  5 orc priests
  2 jellies
  5 orc wizards
  Jessica (D:2)
  Ijyb (D:5)
  5 worker ants
  5 iguanas
  A killer bee zombie (D:7)
  A hound skeleton (D:8)
  6 gnolls
  6 adders
  3 shadow imps
  4 adder skeletons
  3 worms
  3 dart slugs
  3 leopard geckos
  37 orcs
  3 ball pythons
  4 giant cockroaches
  19 goblins
  17 hobgoblins
  11 jackals
  17 kobolds
  6 quokkas
  6 bats
  A frilled lizard (D:5)
  A jackal skeleton (D:7)
  A leopard gecko skeleton (D:6)
  A leopard gecko zombie (D:6)
  A quokka skeleton (D:5)
  A quokka zombie (D:9)
  6 rats
234 creatures vanquished.

Vanquished Creatures (collateral kills)
  An orc knight (Bailey)
  4 orc warriors
  A scorpion (D:8)
  2 orcs
8 creatures vanquished.

Vanquished Creatures (others)
  3 dancing weapons
3 creatures vanquished.

Grand Total: 245 creatures vanquished

Notes
Turn   | Place    | Note
-------+----------+-------------------------------------------
     0 | D:1      | shoop the Vampire Enchanter began the quest for the Orb.
     0 | D:1      | Reached XP level 1. HP: 13/13 MP: 3/3
   238 | D:1      | Reached XP level 2. HP: 19/19 MP: 5/5
   242 | D:1      | Learned a level 2 spell: Ensorcelled Hibernation
   254 | D:1      | Reached skill level 5 in Stealth
   354 | D:1      | Reached skill level 1 in Ice Magic
   448 | D:1      | Reached XP level 3. HP: 18/24 MP: 6/6
   961 | D:2      | Reached XP level 4. HP: 30/30 MP: 7/7
  1112 | D:2      | Noticed Jessica
  1120 | D:2      | Killed Jessica
  1120 | D:2      | Reached skill level 5 in Hexes
  1488 | D:3      | Learned a level 3 spell: Confuse
  1495 | D:3      | Reached XP level 5. HP: 29/31 MP: 8/8
  1654 | D:3      | Reached skill level 6 in Stealth
  1922 | D:4      | Reached skill level 1 in Shields
  2035 | D:4      | Noticed Dowan
  2108 | D:4      | Found a burning altar of Makhleb.
  2170 | D:4      | Reached XP level 6. HP: 23/36 MP: 2/9
  2574 | D:4      | Noticed Duvessa
  2581 | D:4      | Learned a level 3 spell: Tukima's Dance
  2592 | D:5      | Entered Level 5 of the Dungeon
  2615 | D:5      | Found a runed translucent gate.
  2617 | D:5      | Found a runed translucent gate.
  2617 | D:5      | Noticed AlmostDecent's ghost (novice DsFi)
  2618 | D:5      | Found a runed translucent gate.
  2618 | D:5      | Noticed Vomitron's ghost (novice GnWn)
  2618 | D:5      | Noticed Twasazerg's ghost (amateur SpAs)
  2621 | D:5      | Noticed Edmund
  2629 | D:5      | Killed Edmund
  2629 | D:5      | Reached skill level 7 in Stealth
  2754 | D:5      | Reached skill level 1 in Evocations
  2791 | D:5      | Noticed Ijyb
  2877 | D:5      | Reached XP level 7. HP: 46/46 MP: 10/10
  2957 | D:5      | Got a faintly glowing helmet
  2968 | D:5      | Identified the cursed +0 helmet of Defence {-Tele +Fly
                  | rPois Int+3} (You found it on level 5 of the Dungeon)
  3401 | D:5      | Killed Ijyb
  3427 | D:6      | Reached skill level 8 in Stealth
  3455 | D:6      | Found a staircase to the Ecumenical Temple.
  3463 | Temple   | Entered the Ecumenical Temple
  3580 | Temple   | Became a worshipper of Fedhas Madash
  3637 | D:6      | Reached skill level 5 in Short Blades
  3751 | D:6      | Reached skill level 1 in Fighting
  3762 | D:6      | Found a burning altar of Makhleb.
  3890 | D:6      | Reached skill level 1 in Armour
  4047 | D:6      | Noticed Ypleulatog's ghost (novice OpVM)
  4048 | D:6      | Found a runed translucent door.
  4152 | D:6      | Reached XP level 8. HP: 56/56 MP: 6/11
  4522 | D:7      | Found a snail-covered altar of Cheibriados.
  4531 | D:7      | Found a white marble altar of Elyvilon.
  4534 | D:7      | Found a stormy altar of Qazlal.
  4552 | D:7      | Reached skill level 1 in Invocations
  4641 | D:7      | Noticed Joseph
  4666 | D:7      | Killed Joseph
  4666 | D:7      | Reached skill level 9 in Stealth
  4854 | D:6      | Reached * piety under Fedhas
  5182 | D:7      | Found a sparkling altar of Nemelex Xobeh.
  5223 | D:7      | Reached XP level 9. HP: 61/61 MP: 4/12
  5268 | D:8      | Reached skill level 10 in Stealth
  5283 | D:8      | Reached skill level 5 in Dodging
  5440 | D:8      | Noticed a two-headed ogre
  6154 | D:9      | Reached ** piety under Fedhas
  6176 | D:9      | Found a flagged portal.
  6417 | D:9      | Found a hazy altar of Hepliaklqana.
  6462 | Bailey   | Entered a bailey
  6462 | Bailey   | Noticed an orc knight
  6484 | Bailey   | Killed an orc knight
  6510 | Bailey   | Killed an orc warrior
  6760 | Bailey   | Reached XP level 10. HP: 50/73 MP: 1/13
  6892 | Bailey   | Got a shimmering flail
  6916 | Bailey   | Identified the +1 flail "Rikhlank" {crush, rElec rPois rN++
                  | MP-9} (You found it in a bailey)
  7236 | D:9      | Reached skill level 5 in Fighting
  7769 | D:10     | Entered Level 10 of the Dungeon
  7807 | D:10     | Noticed Fannar
  7902 | D:10     | Reached *** piety under Fedhas
  7902 | D:10     | Reached skill level 5 in Evocations
  8548 | D:11     | Noticed a seven-headed hydra
  8550 | D:11     | Noticed a cyclops
  8596 | D:11     | Found a staircase to the Orcish Mines.
  8624 | D:11     | Slain by a warg

Levels and vault maps discovered:
D:1:      dpeg_arrival_erosion, layout_rooms
D:2:      layout_rooms, uniq_jessica
D:3:      layout_rooms, minmay_ruptured
D:4:      kennysheep_the_goblin_king, layout_rooms, nrook_mini_vaults,
          makhleb_blood_cavern_becter, uniq_duvessa
D:5:      layout_loops_ring, first_ration, gammafunk_ghost_cemetery, uniq_ijyb,
          uniq_edmund
D:6:      layout_loops_ring, marbit_many_paths,
          minmay_temple_entry_purple_smoke, gammafunk_ghost_grave,
          minmay_microvault
D:7:      layout_rooms, grunt_temple_overflow_open, uniq_joseph
D:8:      layout_loops_ring
D:9:      layout_grid_maze, old_standard_altar, enter_bailey_3
D:10:     layout_stronghold, uniq_fannar
D:11:     layout_loops_corners, lair_entry_dummy, david_orc_3, david_nohive_1
Temple:   kb_temple_of_zot

Skill      XL: |  1  2  3  4  5  6  7  8  9 10 |
---------------+-------------------------------+-----
Stealth        | 5 6 7 8 9 10 | 10.0
Short Blades   | 2 3 4 5 6 8 |  8.2
Ice Magic      | 1 2 |  2.0
Hexes          | 5 6 |  6.0
Shields        | 1 2 |  2.1
Evocations     | 1 2 4 5 |  5.2
Fighting       | 2 4 6 |  6.0
Armour         | 2 |  2.2
Invocations    | 1 3 |  3.5
Dodging        | 4 7 |  7.0
Spellcasting   | |  2.0

Action                   |  1- 3 |  4- 6 |  7- 9 | 10-12 || total
-------------------------+-------+-------+-------+-------++-------
Melee: Dagger            |   108 |   161 |   324 |   103 ||   696
       Bite              |     5 |     6 |    17 |     8 ||    36
 Cast: Corona            |     2 |       |       |       ||     2
       Ensorcelled Hiber |    10 |    31 |    22 |     9 ||    72
       Confuse           |       |     4 |    26 |     5 ||    35
       Tukima's Dance    |       |     1 |    17 |     2 ||    20
Invok: Grow Ballistomyce |       |       |       |     1 ||     1
 Abil: Revivify          |       |     1 |       |     2 ||     3
       Exsanguinate      |       |     1 |       |     1 ||     2
       Evoke Flight      |       |       |       |     1 ||     1
Evoke: Wand              |       |       |     3 |       ||     3
  Use: Scroll            |     5 |     5 |     2 |       ||    12
 Stab: Sleeping          |     7 |    30 |    28 |    18 ||    83
       Distracted        |     1 |       |     2 |       ||     3
       Confused          |       |     1 |     4 |       ||     5
Armor: Robe              |    22 |    21 |     3 |       ||    46
       Leather armour    |       |       |    45 |     9 ||    54
Dodge: Dodged            |    71 |    63 |   142 |    37 ||   313
Block: Buckler           |       |    20 |    39 |     9 ||    68
